 Dungeon Crawl Stone Soup version 0.27.1 (webtiles) character file.

Game seed: 2002061570626245122

174 Mesmaeker13 the Skirmisher (level 5, -8/45 HPs)
             Began as a Ghoul Warper on Aug 22, 2021.
             Mangled by an orc (14 damage)
             ... on level 3 of the Dungeon.
             The game lasted 00:04:01 (3943 turns).

Mesmaeker13 the Skirmisher (Ghoul Warper)           Turns: 3943, Time: 00:04:02

Health: -8/45      AC:  5    Str: 15    XL:     5   Next: 54%
Magic:  6/6        EV: 11    Int:  9    God:
Gold:   118        SH:  0    Dex:  8    Spells: 5/7 levels left

rFire    . . .     SeeInvis .     - Unarmed
rCold    + . .     Faith    .   (no shield)
rNeg     + + +     Spirit   .   n - +0 ring mail
rPois    ∞         Reflect  .   (no helmet)
rElec    .         Harm     .   (no cloak)
rCorr    .         Rampage  .   (no gloves)
Will     +....                  (no boots)
Stlth    ..........             (no amulet)
HPRegen  0.00/turn              p - ring of willpower
MPRegen  0.10/turn              (no ring)

@: inhibited regen
A: claws 1, cold resistance 1, negative energy resistance 3, inhibited
regeneration, torment resistance 2
a: no special abilities


You were on level 3 of the Dungeon.
You visited 1 branch of the dungeon, and saw 4 of its levels.

You collected 118 gold pieces.

Inventory:

Hand Weapons
 h - a +2 mace of protection
Missiles
 c - a boomerang of dispersal
 q - 2 poisoned darts (quivered)
Armour
 n - a +0 ring mail (worn)
Jewellery
 p - a ring of willpower (left claw)
Scrolls
 b - a scroll of blinking
 e - a scroll of enchant armour
 f - a scroll of identify
 g - 2 scrolls of acquirement {unknown}
 k - 2 scrolls of teleportation {unknown}
 m - a scroll of fear
 o - a scroll of enchant weapon {unknown}
 r - a scroll of torment {unknown}
Potions
 a - 2 potions of brilliance {unknown}
 d - 2 potions of attraction
 i - a potion of might
 j - a potion of flight
 l - a potion of mutation {unknown}


   Skills:
 + Level 3.5 Fighting
 - Level 0.8 Throwing
 - Level 0.8 Armour
 + Level 2.9 Dodging
 + Level 3.5 Unarmed Combat
 - Level 1.7 Spellcasting
 + Level 3.5 Translocations


You had 5 spell levels left.
You knew the following spells:

 Your Spells              Type           Power      Damage    Failure   Level
a - Blink                 Tloc           N/A        N/A       24%         2

Your spell library contained the following spells:

 Spells                   Type           Power      Damage    Failure   Level
 Gell's Gravitas          Tloc           3%         N/A       43%         3
 Lesser Beckoning         Tloc           3%         N/A       43%         3
 Teleport Other           Tloc           7%         N/A       43%         3
 Passwall                 Tmut/Erth      0%         N/A       71%         2
 Slow                     Hex            0%         N/A       71%         2
 Confusing Touch          Hex            0%         N/A       90%         3
 Ozocubu's Armour         Ice            0%         N/A       90%         3
 Swiftness                Air            0%         N/A       90%         3
 Vampiric Draining        Necr           0%         2d6       90%         3
 Manifold Assault         Tloc           7%         N/A       99%         5
 Metabolic Englaciation   Hex/Ice        0%         N/A       100%        5
 Yara's Violent Unravell  Hex/Tmut       0%         3d3       100%        5
 Invisibility             Hex            0%         N/A       100%        6
 Simulacrum               Ice/Necr       0%         N/A       100%        6


Dungeon Overview and Level Annotations

Branches:
Dungeon (4/15)
 Temple: D:4-7

Altars:


Innate Abilities, Weirdness & Mutations

You thrive by killing the living.
You are immune to poison.
You have sharp fingernails.
Your flesh is cold resistant. (rC+)
You are immune to negative energy. (rN+++)
You do not regenerate when monsters are visible.
You are immune to unholy pain and torment.


Message History

Unknown command.
Throw: 4 darts (poison)
Press: ? - help, Q - select action, (/) - cycle Shift-Dir - straight line, f/p - black bear
Aim: a black bear (lightly wounded, very poisoned, 62% to hit)
You throw a poisoned dart.
The poisoned dart barely misses the black bear.
Unknown command.
Throw: 3 darts (poison)
Press: ? - help, Q - select action, (/) - cycle Shift-Dir - straight line, f/p - black bear
Aim: a black bear (lightly wounded, very poisoned, 62% to hit)
You throw a poisoned dart.
The poisoned dart closely misses the black bear.
Unknown command.
The black bear closely misses you. The black bear claws you.
The black bear barely misses you. The orc hits you but does no damage.
You are electrocuted!
You climb upwards.
There is a stone staircase leading down here.
The orc hits you with a +0 hand axe of electrocution.
You are electrocuted!
The black bear looks more healthy.
There is a stone staircase leading up here.
The black bear closely misses you. The black bear claws you.
The black bear closely misses you.
You climb upwards.
There is a stone staircase leading down here.
Casting: Blink (dangerous; 24% risk of failure)
Confirm with . or Enter, or press ? or * to list all spells.
You blink.
There is a stone staircase leading down here.
You climb downwards.
The orc hits you with a +0 hand axe of electrocution.
* * * LOW HITPOINT WARNING * * *
There is a stone staircase leading up here.
You closely miss the orc. The orc barely misses you.
You closely miss the orc.
The orc hits you with a +0 hand axe of electrocution.
* * * LOW HITPOINT WARNING * * *
You are electrocuted!
You die...

#...##.##....######.##......# #.
#......##....# #.......### #.
#.......#....# #################.
........#....# #...(.............
........########.################
........# #.......# #.......#
#.......# ........# #.o.....#
........# #.@.....# ........###
#.......# ..........## #.......#
.....####..####.......#
#######...............#
#.#.#.#.#.#.....#
#.#.#.#.#.#.....#
#.#.#.#.#.#..#### #.#.#.#.#.#..#


You could see an orc.

Vanquished Creatures
  A scorpion (D:3)
  6 adders
  An adder skeleton (D:4)
  A worm (D:2)
  2 dart slugs
  An orc (D:3)
  7 endoplasms
  3 goblins
  3 hobgoblins (D:2)
  A jackal (D:3)
  5 quokkas
  2 ball pythons
  6 bats
  3 kobolds
  14 rats
56 creatures vanquished.

Notes
Turn   | Place    | Note
-------+----------+-------------------------------------------
     0 | D:1      | Mesmaeker13 the Ghoul Warper began the quest for the Orb.
     0 | D:1      | Reached XP level 1. HP: 17/17 MP: 2/2
   233 | D:1      | Reached XP level 2. HP: 23/25 MP: 3/3
  1000 | D:2      | Found a faded altar of an unknown god.
  1127 | D:2      | Reached XP level 3. HP: 26/30 MP: 4/4
  1723 | D:2      | Reached XP level 4. HP: 37/37 MP: 5/5
  1861 | D:2      | You fall into a shaft and drop 2 floors!
  1895 | D:4      | Learned a level 2 spell: Blink
  2171 | D:4      | Noticed a black bear
  2248 | D:3      | HP: 1/38 [adder (3)]
  2540 | D:3      | Noticed a scorpion
  2570 | D:3      | Killed a scorpion
  2571 | D:3      | Reached XP level 5. HP: 22/45 MP: 6/6
  3890 | D:4      | Noticed a black bear
  3943 | D:3      | Mangled by an orc

Illustrated notes

Levels and vault maps discovered:
D:1:      nagdon_arrival_double_spiral, layout_loops_ring,
          minmay_rat_gold_closets
D:2:      layout_basic, dreamdust_ecumenical_altar_grove, minivault_23
D:3:      layout_basic, minmay_misc_feat_rows, minmay_curled_crystal,
          minmay_misc_feat_alley
D:4:      layout_rooms

Skill      XL: |  1  2  3  4 |
---------------+-------------+-----
Dodging        | 2 |  2.9
Translocations | 3 |  3.5
Fighting       | 3 |  3.5
Unarmed Combat | 3 |  3.5
Throwing       | |  0.8
Armour         | |  0.8
Spellcasting   | |  1.7

Action                   |  1- 3 |  4- 6 || total
-------------------------+-------+-------++-------
Melee: Unarmed           |   130 |   120 ||   250
       Punch             |     1 |       ||     1
Throw: Boomerang         |       |     4 ||     4
       Dart              |       |     5 ||     5
 Cast: Blink             |       |     1 ||     1
  Use: Potion            |       |     1 ||     1
       Scroll            |       |     4 ||     4
Armor: Leather armour    |    36 |    37 ||    73
       Ring mail         |       |     3 ||     3
Dodge: Dodged            |    68 |    86 ||   154
